 Dungeon Crawl Stone Soup version 0.31.0-11-ge490571c62 (webtiles) character file.

Game seed: 9147317362300006147

4304 DeltaZero the Cutter (level 10, 0/115 HPs)
             Began as a Demonspawn Chaos Knight on Jan 26, 2024.
             Was a Plaything of Xom.
             Slain by a gnoll
             ... wielding a +0 spear
             ... led by a gnoll sergeant
              (5 damage)
             ... on level 8 of the Dungeon on Jan 30, 2024.
             The game lasted 00:29:15 (7110 turns).

DeltaZero the Cutter (Demonspawn Chaos Knight)      Turns: 7110, Time: 00:29:16

Health: 0/115      AC: 25    Str: 12    XL:     10   Next: 11%
Magic:  10/10      EV:  2    Int: 19    God:    Xom [....*.]
Gold:   470        SH:  0    Dex: 19    Spells: 9/9 levels left

rFire   . . .        s - +5 short sword of Kismet {venom, ^Contam rN++ Dex+4 Stlth+}
rCold   . . .        (no shield)
rNeg    + + .        v - melded +8 ring mail of the Unicorn {rN+ Int+4}
rPois   +            (helmet currently unavailable)
rElec   .            k - melded +0 cloak
rCorr   .            N - melded +0 pair of gloves
SInv    .            J - melded +2 pair of boots {Fly}
Will    .....        (no amulet)
Stlth   ++++         e - +4 ring of slaying
HPRegen 0.39/turn    O - +5 ring of evasion
MPRegen 0.12/turn

%: no passive effects
@: lethally poisoned (0 -> -18), tree-form
A: stationary, stasis, torment immunity, boosted hp, (claws 2), powered by pain
2, big brain 2, (poison resistance)
a: Renounce Religion


You were on level 8 of the Dungeon.
You worshipped Xom.
You were a beloved toy of Xom.
You were a tree.
You visited 2 branches of the dungeon, and saw 9 of its levels.

You collected 470 gold pieces.

Inventory:

Hand Weapons
 a - a +0 falchion of chaos
 s - the +5 short sword of Kismet (weapon) {venom, ^Contam rN++ Dex+4 Stlth+}
   (You found it on level 2 of the Dungeon)

   Dex+4:     It affects your dexterity (+4).
   rN++:      It greatly protects you from negative energy.
   ^Contam:   It causes magical contamination when unequipped.
   Stlth+:    It makes you more stealthy.
 y - a +0 flail
 F - a +3 scythe of protection
 L - a +2 vampiric trident
Armour
 b - a +2 leather armour
 k - a +0 cloak (melded)
 n - a +0 pair of boots
 v - the +8 ring mail of the Unicorn (melded) {rN+ Int+4}
   (You found it on level 3 of the Dungeon)

   Int+4:     It affects your intelligence (+4).
   rN+:       It protects you from negative energy.
 z - a +1 scale mail of poison resistance
 J - a +2 pair of boots of flying (melded)
 M - an orb of guile
 N - a +0 pair of gloves (melded)
Jewellery
 e - a +4 ring of slaying (left branch)
 g - a ring of wizardry
 l - a ring of ice
 t - a ring of positive energy
 B - a ring of magical power
 O - a +5 ring of evasion (right branch)
 P - an amulet of magic regeneration
 R - a +6 ring of intelligence
Talismans
 d - a flux talisman
 h - a beast talisman
Wands
 u - a wand of digging (8)
 C - a wand of mindburst (8)
 K - a wand of quicksilver (5)
Scrolls
 c - a scroll of butterflies
 m - 2 scrolls of brand weapon {unknown}
 o - a scroll of enchant weapon {unknown}
 q - 2 scrolls of noise
 r - a scroll of poison {unknown}
 w - 4 scrolls of teleportation
 E - 2 scrolls of blinking {unknown}
 G - a scroll of immolation {unknown}
 H - a scroll of amnesia {unknown}
 I - 2 scrolls of identify
Potions
 f - 6 potions of curing
 j - 2 potions of might {unknown}
 p - 2 potions of cancellation {unknown}
 x - a potion of brilliance {unknown}
 A - a potion of resistance {unknown}
 D - 2 potions of invisibility {unknown}
 Q - a potion of heal wounds {unknown}
 S - a potion of haste {unknown}
 T - a potion of ambrosia {unknown}
 U - a potion of attraction {unknown}


   Skills:
 + Level 6.4 Fighting
 + Level 7.7(8.3) Short Blades
 + Level 4.3(6.6) Long Blades
 + Level 5.9 Armour
 + Level 4.5 Dodging
 + Level 5.5 Stealth


You had 9 spell levels left.
You didn't know any spells.
Your spell library contained the following spells:

 Spells                   Type           Power      Damage    Failure   Level
 Kiss of Death            Conj/Necr      0%         2d5       21%         1
 Sandblast                Erth           0%         2d4       21%         1
 Ensorcelled Hibernation  Hex/Ice        0%         N/A       30%         2
 Confusing Touch          Hex            0%         N/A       52%         3
 Passwall                 Erth           0%         N/A       52%         3
 Stone Arrow              Conj/Erth      0%         3d7       52%         3
 Swiftness                Air            0%         N/A       52%         3
 Brom's Barrelling Bould  Conj/Erth      0%         2d3       90%         4
 Dispel Undead            Necr           0%         3d6       90%         4


Dungeon Overview and Level Annotations

Branches:
Dungeon (8/15)             Temple (1/1) D:5
   Lair: D:8-11

Altars:
Ashenzari
Cheibriados
Dithmenos
Fedhas
Gozag
Hepliaklqana
Kikubaaqudgha
Makhleb
Nemelex Xobeh
Okawaru
Qazlal
Ru
Sif Muna
Trog
Vehumet
Wu Jian
Xom
Yredelemnul

Shops:
D:1 :   D:4 =!

Annotations:
D:5 3 runed translucent doors, ces's ghost, novice SpHu


Innate Abilities, Weirdness & Mutations

You are a tree.
Your roots penetrate the ground, keeping you stationary.
You cannot be teleported.
You are immune to unholy pain and torment.
Your maximum health is greatly increased.
Your equipment is partially melded.
((You have very sharp fingernails.))
You sometimes gain power by taking damage.
You have an extremely huge brain. (Int +4)
((Your system is resistant to poisons. (rPois)))


Message History

The gnoll sergeant hits you but does no damage.
You are poisoned.
The gnoll hits you with a +0 spear!
The gnoll hits you from afar with a +0 spear.
There is an open door, spattered with blood here.
Things that are here:
a +0 flail; a gnoll corpse You feel very sick.
The gnoll barely misses you. The gnoll sergeant misses you.
The gnoll closely misses you.
You turn into a tree.
Your +0 cloak melds into your body.
Your +0 pair of gloves melds into your body.
Your +2 pair of boots of flying melds into your body.
The +8 ring mail of the Unicorn {rN+ Int+4} melds into your body.
You float gracefully downwards.
Your roots penetrate the ground.
You feel sick.
The gnoll is no longer moving quickly.
The gnoll hits you but does no damage. The gnoll sergeant barely misses you.
You feel sick. The gnoll hits you but does no damage.
The gnoll sergeant hits you from afar with a +5 trident of venom.
* * * LOW HITPOINT WARNING * * *
You feel sick.
The gnoll hits you from afar with a +0 spear.
* * * LOW HITPOINT WARNING * * *
The gnoll sergeant hits you from afar with a +5 trident of venom.
* * * LOW HITPOINT WARNING * * *
You are lethally poisoned!
The gnoll bouda barks out a call to the hunt!
The gnolls pick up the pace!
* * * LOW HITPOINT WARNING * * *
You feel very sick. The gnoll hits you but does no damage.
The gnoll sergeant hits you from afar with a +5 trident of venom.
* * * LOW HITPOINT WARNING * * *
You are more poisoned.
* * * LOW HITPOINT WARNING * * *
You feel very sick. The gnoll hits you but does no damage.
The gnoll hits you from afar with a +0 spear.
You die...
Xom is highly amused!

#########
#......g################ #
#.....ggg♣.............. +
#.....gg#).............. #
#.....gg#.........<..... #
#.......########.######..# #
#..............#.##..##..# ##.
#..............#......#... #...
#..............+......#...
#....#..............#......#..#
#....'..............#......#..#


You could see a gnoll sergeant (swift), a gnoll bouda and 5 gnolls.

Vanquished Creatures
  Pikel (D:5)
  Jeremiah (D:6)
  Prince Ribbit (D:5)
  Sigmund (D:5)
  Menkaure (D:6)
  Duvessa (D:6)
  4 water moccasins
  2 orc warriors
  2 ice beasts (D:7)
  A hornet zombie (D:6)
  2 ogres
  2 centaurs
  2 phantoms (D:5)
  3 bullfrogs
  Blork the orc (D:4)
  A scorpion (D:6)
  3 wights (D:7)
  Dowan (D:6)
  A howler monkey (D:6)
  4 bullfrog zombies (D:6)
  A centaur zombie (D:6)
  3 jellies
  6 orc priests
  4 hounds
  A sleepcap (D:4)
  Terence (D:3)
  Jessica (D:2)
  Ijyb (D:4)
  2 iguanas
  4 orc wizards
  A killer bee zombie (D:6)
  6 adders
  2 gnolls (D:8)
  A white imp (D:4)
  3 ribbon worms
  4 dart slugs
  23 orcs
  5 bats
  8 endoplasms
  2 giant cockroaches (D:1)
  8 goblins
  11 hobgoblins
  2 jackals (D:1)
  2 quokkas (D:1)
  11 ball pythons
  4 frilled lizards
  8 kobolds
160 creatures vanquished.

Vanquished Creatures (collateral kills)
  A jelly (D:4)
  An iguana (D:4)
  An orc (D:4)
  An endoplasm (D:4)
  A hobgoblin (D:4)
5 creatures vanquished.

Grand Total: 165 creatures vanquished

Notes
Turn   | Place    | Note
-------+----------+-------------------------------------------
     0 | D:1      | DeltaZero the Demonspawn Chaos Knight began the quest for
                  | the Orb.
     0 | D:1      | Reached XP level 1. HP: 18/18 MP: 1/1
    28 | D:1      | You fall into a shaft and drop 1 floor!
   102 | D:2      | Gained mutation: You have an unusually large brain. (Int
                  | +2) [demonic ancestry]
   102 | D:2      | Reached XP level 2. HP: 21/24 MP: 2/2
   166 | D:2      | Noticed Jessica
   173 | D:2      | Killed Jessica
   174 | D:2      | Gained mutation: You sometimes gain a little power by
                  | taking damage. [demonic ancestry]
   174 | D:2      | Reached XP level 3. HP: 30/30 MP: 3/3
   394 | D:1      | Found Bedyebbi's Vocational Training.
   546 | D:1      | Reached skill level 1 in Dodging
   709 | D:1      | Gained mutation: You sometimes gain power by taking damage.
                  | [demonic ancestry]
   709 | D:1      | Reached XP level 4. HP: 37/37 MP: 4/4
   970 | D:1      | XOM: divination: detect creatures
  1068 | D:1      | XOM: give mutation
  1068 | D:1      | Gained mutation: Your system is resistant to poisons.
                  | (rPois) [Xom's mischief]
  1429 | D:2      | Identified the +5 short sword of Kismet {venom, ^Contam
                  | rN++ Dex+4 Stlth+}
  1651 | D:3      | XOM: chaos upgrade
  1687 | D:3      | XOM: god gift: ring of positive energy
  1779 | D:3      | Identified the +8 ring mail of the Unicorn {rN+ Int+4}
  1826 | D:3      | Noticed Terence
  1828 | D:3      | XOM: summons friendly iron imp
  1837 | D:3      | Killed Terence
  1838 | D:3      | Gained mutation: You have an extremely huge brain. (Int +4)
                  | [demonic ancestry]
  1838 | D:3      | Reached XP level 5. HP: 36/42 MP: 5/5
  1910 | D:3      | XOM: polymorph iron imp -> ufetubus
  2491 | D:4      | XOM: summons 5 friendly demons
  2497 | D:4      | Reached skill level 1 in Short Blades
  2500 | D:4      | Reached skill level 1 in Stealth
  2521 | D:4      | Noticed Blork the orc
  2530 | D:4      | Killed Blork the orc
  2531 | D:4      | Reached XP level 6. HP: 49/49 MP: 6/6
  2538 | D:4      | Found Tixon's Distillery.
  2560 | D:4      | Found Atowkot's Jewellery Emporium.
  2636 | D:4      | Found an opulent altar of Gozag.
  2649 | D:4      | XOM: cast spell 'Summon Mana Viper'
  2679 | D:4      | XOM: stat loss: -1 Int (22/23)
  2681 | D:4      | XOM: confuse monster(s)
  2725 | D:4      | Reached skill level 2 in Short Blades
  2745 | D:4      | Noticed Ijyb
  2748 | D:4      | XOM: 1-stop teleportation journey
  2775 | D:4      | Killed Ijyb
  2981 | D:4      | XOM: enchant monster (good)
  3009 | D:4      | Gained mutation: You have sharp fingernails. [demonic
                  | ancestry]
  3009 | D:4      | Reached XP level 7. HP: 55/55 MP: 7/7
  3243 | D:4      | XOM: noise
  3341 | D:5      | Entered Level 5 of the Dungeon
  3353 | D:5      | Reached skill level 3 in Short Blades
  3357 | D:5      | XOM: noise
  3373 | D:5      | Noticed Pikel
  3393 | D:5      | Killed Pikel
  3394 | D:5      | Reached skill level 5 in Fighting
  3394 | D:5      | Reached skill level 4 in Short Blades
  3394 | D:5      | Reached XP level 8. HP: 29/62 MP: 8/8
  3459 | D:5      | XOM: god gift: scroll labelled FISUEN GYTHROLU {god gift}
  3468 | D:5      | Found a runed translucent gate.
  3468 | D:5      | Found a runed translucent gate.
  3468 | D:5      | Found a runed translucent gate.
  3474 | D:5      | Noticed ces's ghost (novice SpHu)
  3538 | D:5      | Found a sparkling altar of Nemelex Xobeh.
  3852 | D:5      | Noticed Prince Ribbit
  3865 | D:5      | Killed Prince Ribbit
  3866 | D:5      | Reached skill level 5 in Short Blades
  3961 | D:5      | Noticed Sigmund
  3973 | D:5      | XOM: confuse monster(s)
  3987 | D:5      | Killed Sigmund
  4180 | D:5      | Found a burning altar of Makhleb.
  4180 | D:5      | Found a sacrificial altar of Ru.
  4197 | D:5      | Found a staircase to the Ecumenical Temple.
  4201 | D:5      | XOM: stat loss: -1 Str (11/12)
  4215 | Temple   | Entered the Ecumenical Temple
  4420 | D:5      | Found a shimmering blue altar of Sif Muna.
  4511 | D:6      | XOM: summons 3 friendly demons
  4550 | D:6      | Reached XP level 9. HP: 68/68 MP: 9/9
  4562 | D:6      | Reached skill level 5 in Armour
  4568 | D:6      | Reached skill level 6 in Short Blades
  4597 | D:6      | Found a basalt altar of Yredelemnul.
  4660 | D:6      | XOM: confuse monster(s)
  4798 | D:6      | XOM: god gift: +2 pair of boots of flying
  4883 | D:6      | Noticed Jeremiah
  5001 | D:6      | Killed Jeremiah
  5134 | D:6      | Noticed Menkaure
  5139 | D:6      | Killed Menkaure
  5144 | D:6      | XOM: silly message
  5199 | D:6      | Reached skill level 7 in Short Blades
  5229 | D:6      | Noticed Duvessa
  5230 | D:6      | Noticed Dowan
  5231 | D:6      | XOM: enchant monster (good)
  5239 | D:6      | Killed Duvessa
  5240 | D:6      | Reached skill level 5 in Stealth
  5241 | D:6      | XOM: summons friendly iron imp
  5245 | D:6      | Killed Dowan
  5793 | D:7      | XOM: enchant monster (bad)
  5794 | D:7      | XOM: divination: detect items
  5943 | D:7      | Found a blossoming altar of Fedhas.
  5998 | D:7      | XOM: noise
  6107 | D:7      | Gained mutation: You have very sharp fingernails. [demonic
                  | ancestry]
  6107 | D:7      | Reached XP level 10. HP: 77/77 MP: 10/10
  6392 | D:7      | XOM: god gift: bone ring {god gift}
  7026 | D:8      | XOM: god gift: 40 gold pieces
  7110 | D:8      | HP: 5/115 [poisoned by a gnoll sergeant]
  7110 | D:8      | Slain by a gnoll

Illustrated notes

Levels and vault maps discovered:
D:1:      dpeg_arrival_windows_large_door, layout_loops_ring, minivault_11,
          hex_tiny, hex_large, corexii_hall_statues_i, nicolae_shop_vocational
D:2:      minmay_evil_eye, layout_basic, minmay_tetromino_s2, uniq_jessica
D:3:      layout_basic, uniq_terence
D:4:      layout_cave_pools, grunt_gozag_breadcrumbs, serial_shops, shop,
          nicolae_shop_gaudy_bauble, uniq_ijyb, uniq_blork_the_orc
D:5:      layout_basic, mainiacjoe_overflow_surrounded_room,
          gammafunk_temple_overflow_statue, lemuel_blue_sif_altar,
          mainiacjoe_overflow_24_doors, minmay_temple_entry_stoned_glass,
          ebering_ghost_rock_garden, uniq_prince_ribbit1, uniq_pikel,
          uniq_sigmund
D:6:      layout_basic, nicolae_yredelemnul_corpse_copse, uniq_duvessa,
          uniq_jeremiah, uniq_menkaure
D:7:      layout_layer_cave, mainiacjoe_overflow_paths
D:8:      layout_gridville, serial_shops, shop, ebering_ghost_xom,
          hangedman_abyss_or_decor_passed
Temple:   minmay_temple_forest_path

Skill      XL: |  1  2  3  4  5  6  7  8  9 |
---------------+----------------------------+-----
Long Blades    | 3 4 |  4.3
Armour         | 2 3 4 5 |  5.9
Dodging        | 1 2 3 4 |  4.5
Fighting       | 4 5 6 |  6.4
Short Blades   | 1 2 4 5 7 |  7.7
Stealth        | 1 2 3 5 |  5.5

Action                     |  1- 3 |  4- 6 |  7- 9 | 10-12 || total
---------------------------+-------+-------+-------+-------++-------
  Melee: Falchion          |    57 |    33 |       |       ||    90
         Short sword       |       |   105 |   230 |    43 ||   378
         Punch             |       |       |     4 |     2 ||     6
    Use: Potion            |       |       |     5 |     1 ||     6
         Scroll            |       |       |     3 |       ||     3
   Stab: Sleeping          |       |     4 |    10 |       ||    14
         Confused          |       |       |     3 |       ||     3
 Armour: Leather armour    |    34 |    31 |       |       ||    65
         Ring mail         |       |    58 |   126 |    23 ||   207
         Skin              |       |       |     1 |     9 ||    10
  Dodge: Dodged            |    45 |    62 |    96 |    55 ||   258
